 Dungeon Sprint DCSS version 0.27.1 (webtiles) character file.

Game seed: 12442382518909143238

4978 styxcanada the Imperceptible (level 10, -1/79 HPs)
             Began as a Spriggan Brigand on Aug 31, 2021.
             Was an Initiate of Gozag.
             Slain by a spriggan rider (4 damage)
             ... in the Dungeon (Sprint IV: "Fedhas' Mad Dash") on Sept 1, 2021.
             The game lasted 00:10:12 (1281 turns).

styxcanada the Imperceptible (Spriggan Brigand)     Turns: 1281, Time: 00:10:13

Health: -1/79      AC:  5    Str:  7    XL:     10   Next: 29%
Magic:  18/19      EV: 25    Int: 16    God:    Gozag
Gold:   374        SH:  0    Dex: 20    Spells: 10/20 levels left

rFire    . . .     SeeInvis +   a - +2 dagger
rCold    . . .     Faith    .   (shield restricted)
rNeg     . . .     Spirit   .   o - +2 robe of the Evening {-Tele Int+3 SInv Stlth+}
rPois    .         Reflect  .   (helmet restricted)
rElec    .         Harm     .   c - +0 cloak
rCorr    .         Rampage  .   (gloves unavailable)
Will     ++...     NoTele   +   (boots unavailable)
Stlth    ..........             l - amulet of invisibility {+Inv}
HPRegen  0.23/turn              s - ring "Otuimaic" {Will+ Slay+4 Stlth+}
MPRegen  0.16/turn              (no ring)

@: berserking, gold aura, very slightly contaminated, invisible, very quick
A: very small, no large weapons, unfitting armour, see invisible, speed 3
a: Renounce Religion, Evoke Invisibility, Potion Petition, Call Merchant, Bribe
Branch


You were in the Dungeon.
You worshipped Gozag.
Gozag was aware of your devotion.
You visited 1 branch You collected 1935 gold pieces.
You spent 1561 gold pieces at shops.

Inventory:

Hand Weapons
 a - a +2 dagger (weapon)
 p - the +6 rapier of Viny Reinforcement {spect, Fly Will+++ SInv Stlth-}
   (You bought it in a shop in the Dungeon)

   When its wielder attacks, the weapon's spirit leaps out and strikes again.
   The spirit shares a part of any damage it takes with its wielder.
   SInv:      It lets you see invisible.
   Fly:       It grants you flight.
   Will:      It greatly increases your willpower.
   Stlth:     It makes you less stealthy.
Missiles
 d - 8 poisoned darts (quivered)
 e - 2 curare-tipped darts
 r - 19 sling bullets
Armour
 c - a +0 cloak (worn)
 o - the +2 robe of the Evening (worn) {-Tele Int+3 SInv Stlth+}
   (You bought it in a shop in the Dungeon)

   Int:       It affects your intelligence (+3).
   SInv:      It lets you see invisible.
   -Tele:     It prevents most forms of teleportation.
   Stlth:     It makes you more stealthy.
Jewellery
 l - the amulet of invisibility (around neck) {+Inv}
   (You found it in the Dungeon)

   [amulet of nothing]

   +Inv:      It lets you turn invisible.
 s - the ring "Otuimaic" (left hand) {Will+ Slay+4 Stlth+}
   (You bought it in a shop in the Dungeon)

   [ring of slaying]

   Slay:      It affects your accuracy & damage with ranged weapons and melee
   (+4).
   Will:      It increases your willpower.
   Stlth:     It makes you more stealthy.
Wands
 n - a wand of mindburst (11)
Scrolls
 k - a scroll of blinking
 m - a scroll of identify
 q - a scroll of silence {unknown}
Potions
 b - a potion of lignification {unknown}
 f - a potion of curing
 h - a potion of haste
 i - 2 potions of magic


   Skills:
 * Level 6.3 Fighting
 + Level 5.8 Short Blades
 + Level 4.9 Throwing
 * Level 10.2 Dodging
 * Level 23.1 Stealth
 * Level 5.7 Spellcasting
 * Level 2.7 Conjurations
 * Level 3.7 Summonings
 * Level 5.9 Transmutations
 * Level 4.2 Earth Magic
 * Level 10.6 Evocations


You had 10 spell levels left.
You knew the following spells:

 Your Spells              Type           Power      Damage    Failure   Level
a - Call Canine Familiar  Summ           16%        N/A       9%          3
b - Petrify               Tmut/Erth      20%        N/A       17%         4
c - Stone Arrow           Conj/Erth      30%        3d8       10%         3

Your spell library contained the following spells:

 Spells                   Type           Power      Damage    Failure   Level
 Ignite Poison            Fire/Tmut/Pois 10%        N/A       19%         3
 Conjure Flame            Conj/Fire      9%         6-21      24%         3
 Mephitic Cloud           Conj/Pois/Air  7%         N/A       28%         3
 Summon Ice Beast         Ice/Summ       10%        N/A       54%         4
 Sticky Flame             Conj/Fire      9%         2d3       63%         4
 Bolt of Magma            Conj/Fire/Erth 6%         4d6       83%         5
 Summon Forest            Summ/Tloc      5%         N/A       88%         5
 Statue Form              Tmut/Erth      13%        N/A       95%         6
 Metabolic Englaciation   Hex/Ice        2%         N/A       98%         5
 Summon Hydra             Summ           8%         N/A       100%        7


Dungeon Overview and Level Annotations

Branches:
Dungeon (1/1)

Altars:
Cheibriados
Dithmenos
Elyvilon
Gozag
Hepliaklqana
Kikubaaqudgha
Makhleb
Nemelex Xobeh
Okawaru
Qazlal
Ru
Sif Muna
Trog
Uskayaw
Vehumet
Wu Jian
Xom
Yredelemnul
Zin
The Shining One
Beogh
Jiyva
Lugonu

Shops:
D :=[(?*


Innate Abilities, Weirdness & Mutations

You are very small and have problems with some larger weapons.
You are too small for most types of armour.
You have supernaturally acute eyesight. (SInv)
You cover ground extremely quickly. (Speed+++)


Message History

Unknown command.
Found Tosuxzir's Magic Scroll Emporium.
There is an open door here.
The helpless spriggan fails to defend itself.
You spit the spriggan like a pig!!!!!
You kill the spriggan!
Found 6 gold pieces.
Found Janishas's Assorted Antiques.
Found 8 gold pieces.
The spriggan shouts!
The spriggan rider shouts!
The spriggan rider hits you from afar with a +0 spear!
The spriggan hits you with a +0 short sword!
You hit the spriggan.
The spriggan is lightly wounded.
The spriggan hits you with a +0 short sword!
The spriggan rider hits you from afar with a +0 spear!
* * * LOW HITPOINT WARNING * * *
The spriggan rider blocks your attack. The spriggan completely misses you.
The spriggan rider hits you with a +0 spear.
* * * LOW HITPOINT WARNING * * *
Unknown command.
You feel much better.
The spriggan rider hits you with a +0 spear.
The spriggan completely misses you.
A red film seems to cover your vision as you go berserk!
You feel yourself moving faster!
You feel mighty! The spriggan rider misses you. The spriggan misses you.
You puncture the spriggan rider!
The spriggan rider is lightly wounded.
You barely miss the spriggan rider.
The spriggan rider is lightly wounded.
The spriggan completely misses you.
The spriggan rider hits you with a +0 spear!!
* * * LOW HITPOINT WARNING * * *
You barely miss the spriggan rider.
The spriggan rider is lightly wounded.
You puncture the spriggan rider!
The spriggan rider is moderately wounded.
The spriggan rider hits you with a +0 spear.
You die...
Your body crumbles into a pile of gold.

##############
['.[.#....##∩#
.#...#[...'..##+#
.###'##...##∩#$$####
.##∩∩.'...#####..i.#
###############.@.∩#
###......###....i♣.#
.'.......'.'..$♣..∩#
.#.P.....###########
+##.P....# ########


You could see a spriggan rider and a spriggan.

Vanquished Creatures
  A spriggan druid (D)
  6 oklob plants (D)
  A demonic crawler (D)
  3 wandering mushrooms (D)
  3 burning bushes (D)
  A queen bee (D)
  3 scorpions (D)
  4 killer bees (D)
  5 oklob saplings (D)
  3 spriggans (D)
  A river rat (D)
  A rat (D)
  A ballistomycete spore (D)
33 creatures vanquished.

Notes
Turn   | Place    | Note
-------+----------+-------------------------------------------
     0 | D        | styxcanada the Spriggan Brigand began the quest for the
                  | Orb.
     0 | D        | Reached XP level 1. HP: 10/10 MP: 2/2
     9 | D        | Reached skill level 7 in Stealth
     9 | D        | Reached XP level 2. HP: 15/15 MP: 3/3
    11 | D        | Reached skill level 8 in Stealth
    12 | D        | Noticed an oklob sapling
    14 | D        | Killed an oklob sapling
    15 | D        | Reached skill level 10 in Stealth
    15 | D        | Reached XP level 3. HP: 18/18 MP: 4/4
    16 | D        | Noticed a scorpion
    16 | D        | Found the amulet of invisibility {+Inv}
    32 | D        | Killed a scorpion
    33 | D        | Reached skill level 12 in Stealth
    33 | D        | Reached XP level 4. HP: 20/23 MP: 5/5
    62 | D        | Reached skill level 13 in Stealth
    74 | D        | Found an opulent altar of Gozag.
    74 | D        | Found a hazy altar of Hepliaklqana.
    74 | D        | Found a burning altar of Makhleb.
    74 | D        | Found a sparkling altar of Nemelex Xobeh.
    74 | D        | Found a snail-covered altar of Cheibriados.
    74 | D        | Found a sacrificial altar of Ru.
    74 | D        | Found a shimmering blue altar of Sif Muna.
    74 | D        | Found a shimmering altar of Xom.
    74 | D        | Found a basalt altar of Yredelemnul.
    75 | D        | Found a viscous altar of Jiyva.
    75 | D        | Found a bloodstained altar of Trog.
    75 | D        | Found an ornate altar of the Wu Jian Council.
    76 | D        | Found an iron altar of Okawaru.
    76 | D        | Found a shadowy altar of Dithmenos.
    76 | D        | Found a glowing silver altar of Zin.
    77 | D        | Found an ancient bone altar of Kikubaaqudgha.
    77 | D        | Found a hide-covered altar of Uskayaw.
    78 | D        | Found a stormy altar of Qazlal.
    78 | D        | Found a white marble altar of Elyvilon.
    78 | D        | Found a glowing golden altar of the Shining One.
    79 | D        | Became a worshipper of Gozag Ym Sagoz the Greedy
    80 | D        | Found a corrupted altar of Lugonu.
    80 | D        | Found a radiant altar of Vehumet.
    84 | D        | Reached skill level 14 in Stealth
    84 | D        | Reached skill level 1 in Evocations
    84 | D        | Reached XP level 5. HP: 28/28 MP: 3/6
    96 | D        | Reached skill level 5 in Dodging
   143 | D        | Reached skill level 15 in Stealth
   145 | D        | Reached XP level 6. HP: 32/32 MP: 4/7
   172 | D        | Reached skill level 16 in Stealth
   370 | D        | Found Nad Bal's Jewellery Shop.
   370 | D        | Found Xikeoj's Book Emporium.
   480 | D        | Noticed a burning bush
   480 | D        | Noticed a wandering mushroom
   481 | D        | Noticed a wandering mushroom
   484 | D        | Killed a burning bush
   485 | D        | Reached skill level 17 in Stealth
   485 | D        | Reached XP level 7. HP: 37/37 MP: 5/8
   485 | D        | Killed a wandering mushroom
   486 | D        | Reached skill level 18 in Stealth
   486 | D        | Reached skill level 5 in Evocations
   486 | D        | Killed a wandering mushroom
   487 | D        | Reached skill level 19 in Stealth
   489 | D        | Reached XP level 8. HP: 42/42 MP: 5/9
   501 | D        | Found Mira's Antique Weapon Emporium.
   501 | D        | Found Zarerph's Armour Shoppe.
   506 | D        | Got Sekonar's Compendium of the Entourage
   511 | D        | Learned a level 3 spell: Call Canine Familiar
   512 | D        | Bought the +2 robe of the Evening {-Tele Int+3 SInv Stlth+}
                  | for 279 gold pieces
   514 | D        | Bought a polished rapier for 162 gold pieces
   514 | D        | Identified the +6 rapier of Viny Reinforcement {spect, Fly
                  | Will+++ SInv Stlth-} (You bought it in a shop in the
                  | Dungeon)
   579 | D        | Learned a level 4 spell: Petrify
   584 | D        | Noticed a queen bee
   591 | D        | Killed a queen bee
   592 | D        | Reached skill level 5 in Fighting
   592 | D        | Reached skill level 20 in Stealth
   592 | D        | Reached skill level 1 in Spellcasting
   592 | D        | Reached skill level 1 in Transmutations
   593 | D        | Reached skill level 1 in Earth Magic
   594 | D        | Reached skill level 1 in Summonings
   651 | D        | Noticed an oklob plant
   654 | D        | Killed an oklob plant
   665 | D        | Noticed a burning bush
   668 | D        | Killed a burning bush
   669 | D        | Reached skill level 5 in Short Blades
   669 | D        | Reached skill level 21 in Stealth
   669 | D        | Reached XP level 9. HP: 47/47 MP: 11/14
   672 | D        | Got the Guide on Attacks
   685 | D        | Learned a level 3 spell: Stone Arrow
   722 | D        | Noticed a burning bush
   722 | D        | Noticed an oklob plant
   723 | D        | Noticed a wandering mushroom
   725 | D        | Killed a burning bush
   729 | D        | Killed an oklob plant
   730 | D        | Reached skill level 1 in Conjurations
   733 | D        | Killed a wandering mushroom
   881 | D        | Noticed a spriggan druid
   883 | D        | Killed a spriggan druid
   884 | D        | Reached skill level 22 in Stealth
  1033 | D        | Noticed an oklob plant conjurer
  1034 | D        | Killed an oklob plant conjurer
  1035 | D        | Reached skill level 5 in Transmutations
  1093 | D        | Noticed an oklob plant
  1093 | D        | Noticed an oklob plant summoner
  1094 | D        | Noticed an oklob plant shifter
  1098 | D        | Killed an oklob plant
  1099 | D        | Reached skill level 5 in Spellcasting
  1099 | D        | Reached skill level 10 in Evocations
  1099 | D        | Reached XP level 10. HP: 53/53 MP: 15/18
  1100 | D        | Killed an oklob plant summoner
  1101 | D        | Reached skill level 10 in Dodging
  1103 | D        | Killed an oklob plant shifter
  1126 | D        | Reached skill level 23 in Stealth
  1196 | D        | Bought the ring "Otuimaic" {Will+ Slay+4 Stlth+} for 1120
                  | gold pieces
  1266 | D        | Noticed a spriggan rider
  1267 | D        | Found Tosuxzir's Magic Scroll Emporium.
  1271 | D        | Found Janishas's Assorted Antiques.
  1279 | D        | HP: 3/79 [spriggan rider (27)]
  1281 | D        | Slain by a spriggan rider

Illustrated notes

Levels and vault maps discovered:
D:        dungeon_sprint_fedhas [sprint_temple]

Skill      XL: |  1  2  3  4  5  6  7  8  9 10 |
---------------+-------------------------------+-----
Dodging        | 2 4 5 6 7 8 9 10 | 10.2
Stealth        | 7 10 12 14 15 17 19 21 22 23 | 23.1
Fighting       | 2 3 4 5 6 |  6.3
Short Blades   | 3 4 5 |  5.8
Throwing       | 3 4 |  4.9
Evocations     | 1 3 4 6 8 10 | 10.6
Spellcasting   | 3 5 |  5.7
Transmutations | 3 5 |  5.9
Earth Magic    | 2 3 4 |  4.2
Summonings     | 2 3 |  3.7
Conjurations   | 2 |  2.7

Action                   |  1- 3 |  4- 6 |  7- 9 | 10-12 || total
-------------------------+-------+-------+-------+-------++-------
Melee: Dagger            |     5 |     7 |    18 |    10 ||    40
Throw: Dart              |     3 |     5 |       |       ||     8
 Abil: Evoke Invisibilit |       |     3 |     6 |     1 ||    10
  Use: Scroll            |       |       |     2 |       ||     2
       Potion            |       |       |       |     2 ||     2
 Stab: Sleeping          |     3 |     5 |    18 |     4 ||    30
       Invisible         |       |     1 |       |       ||     1
Dodge: Dodged            |     3 |     6 |       |     5 ||    14
